 Dungeon Crawl Stone Soup version 0.29-a0-284-gf9362112df (webtiles) character file.

Game seed: 11107051445009632978

1575 freelancePsychic the Poker (level 9, 72/72 HPs)
             Began as a Formicid Chaos Knight on Mar 19, 2022.
             Was a Plaything of Xom.
             Quit the game on level 6 of the Dungeon on Mar 20, 2022.
             The game lasted 00:12:23 (6287 turns).

freelancePsychic the Poker (Formicid Chaos Knight)  Turns: 6287, Time: 00:12:23

Health: 72/72      AC:  8    Str: 21    XL:     9   Next: 14%
Magic:  9/9        EV: 10    Int: 12    God:    Xom [....*.]
Gold:   289        SH:  0    Dex: 10    Spells: 8/8 levels left

rFire   . . .      SeeInvis +   o - +4 rapier (freeze)
rCold   + . .      Faith    .   (no shield)
rNeg    . . .      Spirit   .   v - +2 scale mail {rC+}
rPois   .          Reflect  .   (helmet unavailable)
rElec   .          Harm     .   (no cloak)
rCorr   +          Rampage  .   (no gloves)
Will    +....                   (no boots)
Stlth   ..........              (no amulet)
HPRegen 0.22/turn               j - ring of resist corrosion
MPRegen 0.11/turn               s - ring of willpower

@: no status effects
A: permanent stasis, dig shafts and tunnels, antennae 3, four strong arms,
clumsy 1, deterioration 1, strong 1
a: Dig, Shaft Self, Renounce Religion


You were on level 6 of the Dungeon.
You worshipped Xom.
You were a beloved toy of Xom.
You visited 1 branch of the dungeon, and saw 6 of its levels.

You collected 311 gold pieces.
You spent 22 gold pieces at shops.

Inventory:

Hand Weapons
 a - a +0 spear of chaos
 o - a +4 rapier of freezing (weapon)
Armour
 b - a +2 leather armour
 i - the +3 ring mail of Lies {Fly rF- Will+}
   (You found it on level 3 of the Dungeon)

   rF:        It makes you vulnerable to fire.
   Fly:       It grants you flight.
   Will:      It increases your willpower.
 p - a +0 pair of gloves
 v - a +2 scale mail of cold resistance (worn)
Jewellery
 j - a ring of resist corrosion (left hand)
 r - a ring of magical power
 s - a ring of willpower (right hand)
Wands
 e - a wand of flame (5)
Scrolls
 d - a scroll of fog
 f - a scroll of vulnerability
 n - a scroll of amnesia
 q - 3 scrolls of identify {@r1}
 t - 4 scrolls of blinking
 u - a scroll of teleportation {unknown}
Potions
 g - 2 potions of flight
 h - a potion of resistance {unknown}
 k - a potion of attraction
 l - 2 potions of brilliance {unknown}
 m - 3 potions of curing {unknown}
Miscellaneous
 c - a piece from Xom's chessboard (12/15) (quivered)


   Skills:
 + Level 7.6 Fighting
 * Level 5.0 Long Blades
 - Level 7.7 Polearms
 - Level 2.1 Armour
 - Level 0.8 Dodging


You had 8 spell levels left.
You didn't know any spells.
Your spell library contained the following spells:

 Spells                   Type           Power      Damage    Failure   Level
 Beastly Appendage        Tmut           0%         N/A       67%         1
 Foxfire                  Conj/Fire      0%         2x1d4     67%         1
 Wereblood                Tmut           0%         N/A       80%         2
 Conjure Flame            Conj/Fire      0%         6-21      95%         3
 Inner Flame              Hex/Fire       0%         N/A       95%         3
 Spider Form              Tmut/Pois      0%         N/A       95%         3
 Tukima's Dance           Hex            0%         N/A       95%         3
 Anguish                  Hex/Necr       0%         N/A       100%        4
 Flame Wave               Conj/Fire      0%         2d4       100%        4
 Fireball                 Conj/Fire      0%         3d3       100%        5
 Freezing Cloud           Conj/Ice/Air   0%         6-21      100%        5
 Simulacrum               Ice/Necr       0%         N/A       100%        6
 Starburst                Conj/Fire      0%         6d3       100%        6
 Summon Cactus Giant      Summ           0%         N/A       100%        6
 Enfeeble                 Hex            0%         N/A       100%        7
 Haunt                    Necr/Summ      0%         N/A       100%        7
 Polar Vortex             Ice            0%         N/A       100%        9


Dungeon Overview and Level Annotations

Branches:
Dungeon (6/15)             Temple (0/1) D:6

Altars:
Cheibriados
Hepliaklqana
Wu Jian
Xom

Shops:
D:2 ?*[[   D:3 =   D:4 *

Annotations:
D:4 Menkaure


Innate Abilities, Weirdness & Mutations

You cannot be hasted, slowed, berserked, paralysed or teleported.
You can dig through walls and to a lower floor.
You have a pair of large antennae on your head. (SInv)
Your four strong arms can wield two-handed weapons with a shield.
You are clumsy. (Dex -2)
Your body sometimes deteriorates upon taking damage.
Your muscles are strong. (Str +2)


Message History

The ufetubus shouts!
An ufetubus is nearby!
An ufetubus is nearby!
The ufetubus hits you. x2
You puncture the ufetubus! You freeze the ufetubus.
You kill the ufetubus!
No target in view!
No target in view!
No target in view!
No target in view!
No target in view!
No target in view!
No target in view!
No target in view!
No target in view!
No target in view!
No target in view!
No target in view!
Found a staircase to the Ecumenical Temple. "Take this instrument of something!"
Something appears at your feet!
You see here Xom's Volume of Untold Secrets {god gift}.
You pick up Xom's Volume of Untold Secrets {god gift} and begin reading...
You add the spells Fireball, Starburst, Summon Cactus Giant and Haunt to your library.
Things that are here:
21 stones; a +2 vorpal flail
There is a stone staircase leading up, spattered with blood here.
You see here 6 poisoned darts.
You see here 6 poisoned darts.
Xom smiles on you. Something appears at your feet!
w - a fuming orange potion {god gift} It was a potion of mutation.
You feel extremely strange.
You feel clumsy.
You feel yourself wasting away.
You feel stronger.
Save game and exit?
Welcome back, freelancePsychic the Formicid Chaos Knight.
Xom snickers.
Press ? for a list of commands and other information.
Okay, then.
Are you sure you want to abandon this character and quit the game? (Confirm with "yes".)

.# ##..# #..#.....#### .### ###
##.### ##...###....##
#..#####.####..## ###..#.######.#
##..............###...###.## ####
##.......##..#.......# #..###.[#
##......##..#......## ##..#.##.
####......###........## ##..####
..........###.......>.#####.#.###
..........##....@...........##.#
............##...........#..##.#
##.....##..###.........###(.##.#
##..#...#..##..........##.....##
....##..#..#...........#......#
..#..##....................####
...#####.............###..##
.#.#####.............####..##
#####..#...........#..# ##..#####


There were no monsters in sight!

Vanquished Creatures
  Grinder (D:3)
  Sigmund (D:4)
  2 water moccasins (D:5)
  2 ogres (D:5)
  A phantom (D:5)
  A howler monkey (D:5)
  A hound (D:4)
  Ijyb (D:3)
  2 iguanas
  Natasha (thrice) (D:3)
  An orc wizard (D:5)
  6 adders
  4 gnolls (D:3)
  An ufetubus (D:6)
  2 worms (D:2)
  2 dart slugs
  19 orcs
  5 endoplasms
  3 giant cockroaches
  6 goblins
  9 hobgoblins
  6 jackals
  4 quokkas
  4 ball pythons
  8 bats
  2 frilled lizards
  7 kobolds
  6 rats
110 creatures vanquished.

Vanquished Creatures (collateral kills)
  Eustachio (D:5)
  Edmund (D:6)
  An orc wizard (D:5)
3 creatures vanquished.

Vanquished Creatures (others)
  An orc wizard (D:5)
1 creature vanquished.

Grand Total: 114 creatures vanquished

Notes
Turn   | Place    | Note
-------+----------+-------------------------------------------
     0 | D:1      | freelancePsychic the Formicid Chaos Knight began the quest
                  | for the Orb.
     0 | D:1      | Reached XP level 1. HP: 18/18 MP: 1/1
    73 | D:1      | Reached XP level 2. HP: 21/24 MP: 2/2
   621 | D:1      | Reached XP level 3. HP: 23/29 MP: 3/3
   683 | D:1      | XOM: silly message
   701 | D:1      | Found a faded altar of an unknown god.
   882 | D:1      | XOM: silly message
   985 | D:2      | Found Neahisul's Antique Armour Shop.
  1071 | D:2      | Found Etaunk's Antique Armour Shop.
  1108 | D:2      | XOM: potion effect (invisibility)
  1174 | D:2      | Found Xetoikk's Assorted Antiques.
  1265 | D:2      | Found Fot Yly's Weapon Emporium.
  1295 | D:2      | Found Heel's Magic Scroll Emporium.
  1349 | D:2      | Reached XP level 4. HP: 37/37 MP: 4/4
  1460 | D:2      | XOM: cloud trail
  1681 | D:3      | Found Ubbeann's Jewellery Emporium.
  1686 | D:3      | Noticed Ijyb
  1699 | D:3      | HP: 1/37 [Ijyb/+0 dagger (3)]
  1700 | D:3      | Xom revived you
  1703 | D:3      | Noticed Natasha
  1704 | D:3      | XOM: divination: magic mapping
  1705 | D:3      | Killed Ijyb
  1708 | D:3      | XOM: noise
  1715 | D:3      | Killed Natasha
  1716 | D:3      | Reached XP level 5. HP: 31/43 MP: 5/5
  1723 | D:3      | Noticed Natasha
  1725 | D:3      | XOM: cast spell 'Leda's Liquefaction'
  1731 | D:3      | Reached skill level 5 in Polearms
  1733 | D:3      | Killed Natasha
  1738 | D:3      | XOM: potion effect (curing)
  1960 | D:3      | Reached XP level 6. HP: 47/49 MP: 6/6
  2025 | D:3      | Noticed Natasha
  2034 | D:3      | Killed Natasha
  2151 | D:3      | Noticed Grinder
  2165 | D:3      | XOM: divination: detect creatures
  2167 | D:3      | XOM: cast spell 'Olgreb's Toxic Radiance'
  2173 | D:3      | Killed Grinder
  2174 | D:3      | Reached skill level 5 in Fighting
  2174 | D:3      | Reached XP level 7. HP: 50/56 MP: 7/7
  2273 | D:3      | Identified the +3 ring mail of Lies {Fly rF- Will+}
  2418 | D:4      | XOM: silly message
  2537 | D:4      | Found Iffutus's Assorted Antiques.
  2546 | D:4      | Bought a scroll labelled KUHAFI ICENE for 22 gold pieces
  2597 | D:4      | Noticed Menkaure
  2681 | D:4      | XOM: fog
  2681 | D:4      | XOM: butterfly on damage
  2690 | D:4      | Noticed Sigmund
  2841 | D:3      | XOM: cloud trail
  2920 | D:3      | XOM: scenery: create altars
  2960 | D:4      | XOM: snakes to sticks
  2985 | D:4      | Found a snail-covered altar of Cheibriados.
  2985 | D:4      | Found an ornate altar of the Wu Jian Council.
  2985 | D:4      | Found a hazy altar of Hepliaklqana.
  3033 | D:4      | XOM: summons 3 friendly demons
  3055 | D:4      | Killed Sigmund
  3220 | D:5      | Entered Level 5 of the Dungeon
  3221 | D:5      | XOM: polymorph hound -> howler monkey
  3236 | D:5      | Reached XP level 8. HP: 52/64 MP: 8/8
  3328 | D:5      | Noticed Eustachio
  3354 | D:5      | XOM: enchant monster (bad)
  3357 | D:5      | XOM: enchant monster (good)
  3371 | D:5      | Killed Eustachio
  3571 | D:5      | XOM: summons 3 friendly demons
  4394 | D:4      | XOM: snakes to sticks
  4539 | D:5      | XOM: cleaving
  4861 | D:4      | XOM: god gift: scroll labelled AHUBBES LAJ GEO {god gift}
  4991 | D:3      | XOM: god gift: book of Changes
  4993 | D:3      | XOM: god gift: cabochon ring {god gift}
  5293 | D:6      | Noticed Edmund
  5308 | D:5      | Reached XP level 9. HP: 38/69 MP: 9/9
  5485 | D:6      | XOM: summons 9 friendly demons
  5489 | D:6      | Killed Edmund
  5490 | D:6      | Reached skill level 5 in Long Blades
  5640 | D:6      | XOM: god gift: 21 stones
  6028 | D:6      | Found a staircase to the Ecumenical Temple.
  6030 | D:6      | XOM: god gift: Xom's Volume of Untold Secrets {god gift}
  6031 | D:6      | Got Xom's Volume of Untold Secrets {god gift}
  6284 | D:6      | XOM: god gift: fuming orange potion {god gift}
  6286 | D:6      | Gained mutation: You are clumsy. (Dex -2) [potion of
                  | mutation]
  6286 | D:6      | Gained mutation: Your body sometimes deteriorates upon
                  | taking damage. [potion of mutation]
  6286 | D:6      | Gained mutation: Your muscles are strong. (Str +2) [potion
                  | of mutation]
  6287 | D:6      | Quit the game

Illustrated notes

Levels and vault maps discovered:
D:1:      psy_arrival_spokes, layout_basic,
          shapermc_ecumenical_altar_totnotflames, nicolae_figureground_sparkle
D:2:      layout_loops_ring, serial_shops, shop, nicolae_shop_hallway_plus,
          nicolae_shop_behind_doors, nicolae_shop_waterfront,
          nicolae_shop_bloodbath_and_beyond
D:3:      layout_rooms, serial_shops, shop, lightli_corner_chamber,
          uniq_natasha, uniq_ijyb, uniq_grinder
D:4:      layout_basic, gammafunk_temple_overflow_forgotten, serial_shops,
          nicolae_shop_statue_plus, uniq_menkaure, uniq_sigmund
D:5:      layout_basic, minmay_tree_intersection,
          chequers_serial_rivers_micro_d, uniq_eustachio
D:6:      layout_layer_cave, nicolae_uskayaw_dance_studio,
          amethyst_overflow_temple_binary, temple_statues, uniq_edmund

Skill      XL: |  1  2  3  4  5  6  7  8  9 |
---------------+----------------------------+-----
Polearms       | 4 5 6 7 |  7.7
Fighting       | 4 5 6 7 |  7.6
Long Blades    | 4 5 |  5.0
Armour         | |  2.1
Dodging        | |  0.8

Action                   |  1- 3 |  4- 6 |  7- 9 || total
-------------------------+-------+-------+-------++-------
Melee: Spear             |   108 |   110 |   152 ||   370
       Punch             |       |       |     3 ||     3
       Rapier            |       |       |    83 ||    83
 Abil: Dig               |       |       |     2 ||     2
Evoke: Piece from Xom's  |       |     3 |     3 ||     6
  Use: Scroll            |     4 |     1 |     6 ||    11
       Potion            |       |     3 |     4 ||     7
 Stab: Paralysed         |     2 |       |       ||     2
       Sleeping          |     1 |       |       ||     1
Armor: Leather armour    |    24 |    32 |    36 ||    92
       Skin              |       |       |     5 ||     5
Dodge: Dodged            |    43 |    59 |   132 ||   234

Table legend: (Time is in decaauts)
 A = Elapsed time spent in this place.
 B = Non-inter-level travel time spent in this place.
 C = Inter-level travel time spent in this place.
 D = Time resting spent in this place.
 E = Time spent auto-exploring this place.
 F = Levels seen in this place.
 G = Mean time per level.
                   A        B        C        D        E       F      G
               +--------+--------+--------+--------+--------+-----+--------+
         Total |   6234 |   5996 |    238 |    698 |   4376 |   6 | 1039.0 |
       Dungeon |   6234 |   5996 |    238 |    698 |   4376 |   6 | 1039.0 |
               +--------+--------+--------+--------+--------+-----+--------+

Top non-repeatable levels by time:
     D:5: 1715 daAuts
     D:3: 980 daAuts
     D:1: 979 daAuts
     D:4: 954 daAuts
     D:6: 819 daAuts
     D:2: 785 daAuts
